 Dungeon Crawl Stone Soup version 0.31-a0-354-g827e0957a7 (webtiles) character file.

Game seed: 9565215231215459340

465 Sabo the Shooter (level 7, 0/52 HPs)
             Began as a Formicid Hunter on July 23, 2023.
             Slain by Pikel
             ... wielding a +2 whip of flaming
              (1 damage)
             ... on level 4 of the Dungeon.
             The game lasted 00:28:36 (3952 turns).

Sabo the Shooter (Formicid Hunter)                  Turns: 3952, Time: 00:28:36

Health: 0/52       AC:  8    Str: 17    XL:     7   Next: 29%
Magic:  7/7        EV: 16    Int:  9    God:
Gold:   138        SH:  0    Dex: 17    Spells: 6/6 levels left

rFire   . . .        a - +1 shortbow
rCold   . . .        (no shield)
rNeg    . . .        f - +3 ring mail
rPois   .            (helmet unavailable)
rElec   .            (no cloak)
rCorr   .            (no gloves)
SInv    +            (no boots)
Will    +....        (no amulet)
Stlth   +            d - +5 ring of evasion
HPRegen 0.28/turn    j - ring of willpower
MPRegen 0.10/turn

%: no passive effects
@: no status effects
A: permanent stasis, dig shafts and tunnels, antennae 3, four strong arms
a: Dig, Shaft Self


You were on level 4 of the Dungeon.
You visited 1 branch of the dungeon, and saw 4 of its levels.

You collected 164 gold pieces.
You spent 26 gold pieces at shops.

Inventory:

Hand Weapons
 a - a +1 shortbow (weapon)
 q - a +1 whip of freezing
 r - a +0 whip of flaming
Missiles
 h - 2 boomerangs
Armour
 f - a +3 ring mail (worn)
Jewellery
 c - a ring of resist corrosion
 d - a +5 ring of evasion (left hand)
 j - a ring of willpower (right hand)
Wands
 e - a wand of charming (8)
Scrolls
 g - a scroll of brand weapon {unknown}
 k - a scroll of enchant armour
 n - 2 scrolls of enchant weapon
Potions
 b - a potion of degeneration {unknown}
 i - 2 potions of might
 l - a potion of heal wounds {unknown}
 m - a potion of curing {unknown}
 p - 2 potions of resistance {unknown}
 s - a potion of berserk rage {unknown}


   Skills:
 + Level 3.5 Fighting
 + Level 7.4 Ranged Weapons
 + Level 0.8 Armour
 + Level 2.2 Dodging
 + Level 2.0 Stealth


You had 6 spell levels left.
You didn't know any spells.
Your spell library contained the following spells:

 Spells                   Type           Power      Damage    Failure   Level
 Magic Dart               Conj           0%         1d3       58%         1
 Searing Ray              Conj           0%         2d4       75%         2
 Fulminant Prism          Conj/Hex       0%         3d5       100%        4


Dungeon Overview and Level Annotations

Branches:
Dungeon (4/15)
 Temple: D:4-7

Altars:

Shops:
D:3 (?:*=

Annotations:
D:3 3 runed translucent doors, Unforgiven's ghost, amateur GrFi
D:4 Pikel


Innate Abilities, Weirdness & Mutations

You cannot be hasted, slowed, berserked, paralysed or teleported.
You can dig through walls and to a lower floor.
You have a pair of large antennae on your head. (SInv)
Your four strong arms can wield two-handed weapons with a shield.


Message History

Press: ? - help, Shift-Dir - straight line, f/p - Pikel
Aim: Pikel, wielding a +2 whip of flaming and wearing a +0 robe (severely wounded, 59% to hit)
You shoot an arrow. The arrow hits Pikel!
Pikel is almost dead.
Pikel hits you with a +2 whip of flaming!
Pikel burns you.
* * * LOW HITPOINT WARNING * * *
Fire: a) +1 shortbow
Press: ? - help, Shift-Dir - straight line, f/p - Pikel
Aim: Pikel, wielding a +2 whip of flaming and wearing a +0 robe (almost dead, 59% to hit)
You shoot an arrow. The arrow closely misses Pikel.
The arrow closely misses the lemure.
The arrow hits the lemure but does no damage.
Pikel misses you.
Fire: a) +1 shortbow
Press: ? - help, Shift-Dir - straight line, f/p - Pikel
Aim: Pikel, wielding a +2 whip of flaming and wearing a +0 robe (almost dead, 59% to hit)
You shoot an arrow. The arrow misses Pikel.
The arrow barely misses the lemure. x2
The arrow closely misses the lemure.
Pikel hits you with a +2 whip of flaming!
* * * LOW HITPOINT WARNING * * *
Pikel burns you.
* * * LOW HITPOINT WARNING * * *
Fire: a) +1 shortbow
Press: ? - help, Shift-Dir - straight line, f/p - Pikel
Aim: Pikel, wielding a +2 whip of flaming and wearing a +0 robe (almost dead, 59% to hit)
You shoot an arrow. The arrow barely misses Pikel.
The arrow barely misses the lemure.
The arrow hits the lemure but does no damage.
Pikel closely misses you.
Fire: a) +1 shortbow
Press: ? - help, Shift-Dir - straight line, f/p - Pikel
Aim: Pikel, wielding a +2 whip of flaming and wearing a +0 robe (almost dead, 59% to hit)
You shoot an arrow. The arrow closely misses Pikel.
The arrow misses the lemure.
The arrow hits the lemure!
The lemure is moderately wounded.
Pikel hits you with a +2 whip of flaming.
* * * LOW HITPOINT WARNING * * *
Pikel burns you.
You die...

# ## #. ### #. ##.###
##. ##....###.. . , ,
####..........
...5#######..........###
...555K@.............# #
#######....#.........#
##...#.........#
##............#
###.........##
#.........# ##.........#
#.........##
#......)..##


You could see Pikel and 4 lemures.

Vanquished Creatures
  A water moccasin (D:3)
  An ogre (D:4)
  An orc priest (D:4)
  Terence (D:3)
  2 orc wizards (D:4)
  4 gnolls (D:2)
  7 adders
  2 dart slugs
  4 orcs
  2 ball pythons (D:1)
  6 bats
  3 endoplasms
  A giant cockroach (D:1)
  5 goblins
  7 hobgoblins
  4 jackals (D:2)
  A kobold (D:1)
  3 quokkas
  5 frilled lizards
  4 rats (D:2)
64 creatures vanquished.

Notes
Turn   | Place    | Note
-------+----------+-------------------------------------------
     0 | D:1      | Sabo the Formicid Hunter began the quest for the Orb.
     0 | D:1      | Reached XP level 1. HP: 16/16 MP: 1/1
   252 | D:1      | Reached XP level 2. HP: 22/22 MP: 2/2
   683 | D:1      | Reached XP level 3. HP: 27/27 MP: 3/3
   785 | D:1      | Found a faded altar of an unknown god.
  1079 | D:2      | Reached skill level 5 in Ranged Weapons
  1317 | D:2      | Reached XP level 4. HP: 34/34 MP: 4/4
  1358 | D:2      | HP: 1/34 [gnoll/+0 halberd (9)]
  1646 | D:2      | Reached XP level 5. HP: 31/39 MP: 5/5
  2239 | D:3      | Found Redipi's Book Shoppe.
  2401 | D:3      | Found Lighacef's Magic Scroll Boutique.
  2409 | D:3      | Bought a scroll of identify for 26 gold pieces
  2530 | D:3      | Noticed Terence
  2539 | D:3      | Killed Terence
  2540 | D:3      | Reached skill level 6 in Ranged Weapons
  2668 | D:3      | Noticed Unforgiven's ghost (amateur GrFi)
  2705 | D:3      | Noticed a water moccasin
  2726 | D:3      | Killed a water moccasin
  2727 | D:3      | Reached XP level 6. HP: 22/47 MP: 6/6
  2838 | D:3      | Found Ufolaj's Assorted Antiques.
  2860 | D:3      | Found Zeiniacs's Jewellery Shoppe.
  3161 | D:3      | Found a runed translucent gate.
  3161 | D:3      | Found a runed translucent gate.
  3163 | D:3      | Found a runed translucent gate.
  3180 | D:3      | Found Xonopres's Weapon Emporium.
  3613 | D:4      | Reached skill level 7 in Ranged Weapons
  3617 | D:4      | Reached XP level 7. HP: 52/52 MP: 7/7
  3933 | D:4      | Noticed Pikel
  3952 | D:4      | HP: 1/52 [Pikel/+2 whip of flaming (2)]
  3952 | D:4      | Slain by Pikel

Illustrated notes

Levels and vault maps discovered:
D:1:      lemuel_arrival_lava_pool, layout_loops_ring,
          chequers_ecumenical_altar_simple_redux, reono_crystal_passage
D:2:      layout_loops_ring, glass_columns_b, minmay_pentomino_pile
D:3:      layout_basic, gammafunk_ghost_icy, serial_shops, shop, shop, shop,
          shop_fountains, nicolae_shop_pleasant_corner_grove, uniq_terence
D:4:      layout_cave_pods, overflow_temple_1_default, serial_shops, shop,
          nicolae_shop_temple_entry_statues_fountains, nicolae_elemental_shop,
          uniq_pikel

Skill      XL: |  1  2  3  4  5  6  7 |
---------------+----------------------+-----
Ranged Weapons | 5 6 7 |  7.4
Dodging        | 2 |  2.2
Fighting       | 3 |  3.5
Stealth        | 2 |  2.0
Armour         | |  0.8

Action                     |  1- 3 |  4- 6 |  7- 9 || total
---------------------------+-------+-------+-------++-------
   Fire: Shortbow          |    72 |   140 |    28 ||   240
Ability: Dig               |     1 |     2 |       ||     3
    Use: Scroll            |     3 |     6 |     2 ||    11
 Armour: Robe              |     6 |    13 |       ||    19
         Ring mail         |       |     4 |     1 ||     5
  Dodge: Dodged            |    21 |   100 |    10 ||   131

Table legend: (Time is in decaauts)
 A = Elapsed time spent in this place.
 B = Non-inter-level travel time spent in this place.
 C = Inter-level travel time spent in this place.
 D = Time resting spent in this place.
 E = Time spent auto-exploring this place.
 F = Levels seen in this place.
 G = Mean time per level.
                   A        B        C        D        E       F      G
               +--------+--------+--------+--------+--------+-----+--------+
         Total |   3982 |   3982 |      0 |    803 |      0 |   4 |  995.5 |
       Dungeon |   3982 |   3982 |      0 |    803 |      0 |   4 |  995.5 |
               +--------+--------+--------+--------+--------+-----+--------+

Top non-repeatable levels by time:
     D:3: 1239 daAuts
     D:2: 1116 daAuts
     D:1: 1021 daAuts
     D:4: 605 daAuts
